 Dungeon Crawl Stone Soup version 0.29-a0-321-gf1c400731a (webtiles) character file.

Game seed: 13664040914923594013

1308 Morbidden the Conjurer (level 8, -2/57 HPs)
             Began as a Demonspawn Conjurer on Apr 4, 2022.
             Was an Initiate of Vehumet.
             Slain by a killer bee (5 damage)
             ... on level 7 of the Dungeon.
             The game lasted 00:09:16 (6774 turns).

Morbidden the Conjurer (Demonspawn Conjurer)        Turns: 6774, Time: 00:09:16

Health: -2/57      AC:  2    Str:  7    XL:     8   Next: 32%
Magic:  15/15      EV: 13    Int: 28    God:    Vehumet [......]
Gold:   324        SH:  0    Dex: 16    Spells: 7/17 levels left

rFire   . . .      SeeInvis .   d - +1 dagger (venom)
rCold   . . .      Faith    .   (no shield)
rNeg    . . .      Spirit   .   a - +0 robe
rPois   .          Reflect  .   (helmet restricted)
rElec   .          Harm     .   (no cloak)
rCorr   .          Rampage  .   (no gloves)
Will    .....                   (no boots)
Stlth   ++++......              t - amulet of regeneration
HPRegen 0.99/turn               l - +6 ring of intelligence
MPRegen 0.14/turn               (no ring)

@: about to teleport
A: horns 1, thin skeletal structure 2, powered by death 2, powered by pain 1
a: Renounce Religion


You were on level 7 of the Dungeon.
You worshipped Vehumet.
Vehumet was noncommittal.
You visited 2 branches of the dungeon, and saw 8 of its levels.

You collected 324 gold pieces.

Inventory:

Hand Weapons
 d - a +1 dagger of venom (weapon)
 s - a +3 dagger
Missiles
 e - 2 silver javelins
 w - 2 poisoned darts (quivered)
Armour
 a - a +0 robe (worn)
Jewellery
 l - a +6 ring of intelligence (left hand)
 t - an amulet of regeneration (around neck)
Wands
 j - a wand of acid (9)
Scrolls
 c - a scroll of vulnerability {unknown}
 f - 2 scrolls of identify
 g - 2 scrolls of teleportation
 p - a scroll of enchant weapon {unknown}
 r - a scroll of blinking {unknown}
 u - a scroll of amnesia {unknown}
 x - a scroll of acquirement {unknown}
Potions
 b - a potion of magic
 h - 4 potions of curing
 i - a potion of resistance {unknown}
 k - 2 potions of degeneration {unknown}
 m - a potion of lignification {unknown}
 n - a potion of cancellation {unknown}
 o - a potion of haste {unknown}
 q - 2 potions of flight {unknown}
 v - a potion of heal wounds {unknown}


   Skills:
 * Level 2.8 Fighting
 * Level 2.3 Short Blades
 * Level 3.1 Dodging
 + Level 2.6 Stealth
 * Level 5.1 Spellcasting
 * Level 7.0 Conjurations
 * Level 1.8 Translocations
 * Level 1.4 Earth Magic


You had 7 spell levels left.
You knew the following spells:

 Your Spells              Type           Power      Damage    Failure   Level
a - Magic Dart            Conj           100%       1d8       1%          1
b - Searing Ray           Conj           92%        2d7       1%          2
x - Stone Arrow           Conj/Erth      62%        3d10      3%          3
z - Iskenderun's Mystic   Conj/Tloc      32%        2d8       11%         4

Your spell library contained the following spells:

 Spells                   Type           Power      Damage    Failure   Level
 Apportation              Tloc           34%        N/A       3%          1
 Sandblast                Erth           30%        2d9       3%          1
 Dazzling Flash           Conj/Hex       54%        N/A       4%          3
 Passwall                 Tmut/Erth      9%         N/A       8%          2
 Corpse Rot               Necr/Air       14%        N/A       10%         2
 Poisonous Vapours        Pois/Air       14%        N/A       10%         2
 Fulminant Prism          Conj/Hex       13%        3d9       16%         4
 Tukima's Dance           Hex            7%         N/A       21%         3
 Passage of Golubria      Tloc           17%        N/A       30%         4
 Animate Armour           Summ/Erth      22%        N/A       45%         4
 Alistair's Intoxication  Tmut/Pois      4%         N/A       88%         5
 Yara's Violent Unravell  Hex/Tmut       3%         3d4       88%         5
 Lehudib's Crystal Spear  Conj/Erth      15%        10d5      100%        8


Dungeon Overview and Level Annotations

Branches:
Dungeon (7/15)             Temple (1/1) D:6

Altars:
Ashenzari
Cheibriados
Dithmenos
Gozag
Hepliaklqana
Kikubaaqudgha
Makhleb
Nemelex Xobeh
Ru
Sif Muna
Trog
Uskayaw
Vehumet
Wu Jian
Xom
Yredelemnul
Zin
The Shining One

Annotations:
D:2 1 runed translucent door, Crazy Yiuf
D:6 Sigmund


Innate Abilities, Weirdness & Mutations

You have a pair of small horns on your head.
You have a moderately thin skeletal structure. (Dex +4, Stealth++)
You regenerate health from kills.
You sometimes gain a little power by taking damage.


Message History

The killer bee barely misses you. x2; The killer bee stings you!
You are more poisoned.
The killer bee poisons you! The killer bee barely misses you.
The killer bee stings you.
The killer bee stings you but does no damage.
As you read the scroll of teleportation, it crumbles to dust.
You feel strangely unstable.
You feel very sick. The bat closely misses you.
A bat comes into view.
The killer bee closely misses you. The killer bee barely misses you.
The killer bee stings you but does no damage.
A bat comes into view.
The killer bee stings you but does no damage.
The killer bee stings you. x2
Unknown command.
Unknown command.
You hit the killer bee but do no damage.
Your headbutt misses the killer bee.
You feel very sick. The bat barely misses you. The killer bee stings you. x2
* * * LOW HITPOINT WARNING * * *
You are more poisoned.
The killer bee poisons you! The killer bee misses you.
The bat closely misses you. The killer bee stings you!
* * * LOW HITPOINT WARNING * * *
You focus on the pain.
You feel your power returning. The killer bee misses you.
The killer bee barely misses you.
Unknown command.
Unknown command.
Unknown command.
It was a potion of curing.
You feel better. The bat hits you but does no damage.
The killer bee stings you.
* * * LOW HITPOINT WARNING * * *
The killer bee stings you!
* * * LOW HITPOINT WARNING * * *
The killer bee stings you.
* * * LOW HITPOINT WARNING * * *
The bat hits you but does no damage. The killer bee stings you.
You die...

..............#
............[.#
#............#
#.........##†# .
#..........#.###..
#..........#+.....
#........b....#
###+#.##.#yb..#
5......y#@yb.#
.....##.##y...#
...... ... ....#
...... #.# #####
...... #y# . #.#
#.#


You could see 3 killer bees and 3 bats.

Vanquished Creatures
  A steam dragon (D:6)
  4 ogres (D:6)
  2 bullfrogs (D:6)
  2 scorpions (D:6)
  2 killer bees (D:7)
  A jelly (D:4)
  4 hounds
  2 iguanas (D:5)
  11 gnolls
  10 adders
  An ufetubus (D:5)
  A worm (D:4)
  A dart slug (D:3)
  17 orcs
  6 ball pythons
  3 endoplasms
  6 giant cockroaches
  9 goblins
  4 hobgoblins
  3 jackals (D:2)
  3 quokkas
  8 bats
  2 frilled lizards (D:2)
  7 kobolds
  5 rats
115 creatures vanquished.

Vanquished Creatures (others)
  A fungus (D:7)
  A plant (D:7)
2 creatures vanquished.

Grand Total: 117 creatures vanquished

Notes
Turn   | Place    | Note
-------+----------+-------------------------------------------
     0 | D:1      | Morbidden the Demonspawn Conjurer began the quest for the
                  | Orb.
     0 | D:1      | Reached XP level 1. HP: 13/13 MP: 3/3
   147 | D:1      | Gained mutation: You regenerate a little health from kills.
                  | [demonic ancestry]
   147 | D:1      | Reached XP level 2. HP: 14/19 MP: 1/5
   562 | D:1      | Gained mutation: You regenerate health from kills. [demonic
                  | ancestry]
   562 | D:1      | Reached XP level 3. HP: 24/24 MP: 4/6
  1018 | D:2      | Reached skill level 5 in Conjurations
  1144 | D:2      | Learned a level 2 spell: Searing Ray
  1223 | D:2      | Gained mutation: You sometimes gain a little power by
                  | taking damage. [demonic ancestry]
  1223 | D:2      | Reached XP level 4. HP: 31/31 MP: 1/7
  1457 | D:2      | Found a faded altar of an unknown god.
  1570 | D:2      | Found a runed translucent door.
  1571 | D:2      | Noticed Crazy Yiuf
  2115 | D:3      | Reached skill level 1 in Fighting
  2752 | D:4      | Gained mutation: You have a somewhat thin skeletal
                  | structure. (Dex +2, Stealth+) [demonic ancestry]
  2752 | D:4      | Reached XP level 5. HP: 37/37 MP: 0/9
  3409 | D:4      | Reached skill level 1 in Short Blades
  4171 | D:4      | Reached XP level 6. HP: 39/43 MP: 4/10
  4242 | D:4      | Learned a level 4 spell: Iskenderun's Mystic Blast
  4276 | D:5      | Entered Level 5 of the Dungeon
  4704 | D:5      | Reached skill level 6 in Conjurations
  5050 | D:6      | Gained mutation: You have a moderately thin skeletal
                  | structure. (Dex +4, Stealth++) [demonic ancestry]
  5050 | D:6      | Reached XP level 7. HP: 49/49 MP: 5/12
  5153 | D:6      | Found a staircase to the Ecumenical Temple.
  5166 | D:6      | Learned a level 3 spell: Stone Arrow
  5185 | Temple   | Entered the Ecumenical Temple
  5318 | Temple   | Became a worshipper of Vehumet
  5579 | D:6      | Reached skill level 1 in Translocations
  5680 | D:6      | Noticed Sigmund
  6161 | D:6      | Noticed a steam dragon
  6166 | D:6      | Killed a steam dragon
  6167 | D:6      | Reached skill level 1 in Earth Magic
  6167 | D:6      | Gained mutation: You have a pair of small horns on your
                  | head. [demonic ancestry]
  6167 | D:6      | Reached XP level 8. HP: 57/57 MP: 11/15
  6356 | D:6      | Reached skill level 5 in Spellcasting
  6512 | D:6      | Reached skill level 7 in Conjurations
  6728 | D:7      | Identified the +6 plate armour "Toiggone" {Int+3}
  6774 | D:7      | Slain by a killer bee

Illustrated notes

Levels and vault maps discovered:
D:1:      psy_arrival_terrarium, layout_basic, minmay_misc_feat_tiny
D:2:      layout_loops_ring, ebering_ecumenical_altar_webs,
          uniq_crazy_yiuf_cottage
D:3:      layout_rooms, wad_orctagon
D:4:      layout_loops_ring
D:5:      layout_rooms
D:6:      layout_gridville, minmay_temple_entry_tees, uniq_sigmund
D:7:      layout_basic, grunt_temple_overflow_forces_of_nature, roderic_batcave
Temple:   compressed_dpeg_circular_temple

Skill      XL: |  1  2  3  4  5  6  7  8 |
---------------+-------------------------+-----
Dodging        | 2 3 |  3.1
Conjurations   | 5 6 7 |  7.0
Fighting       | 1 2 |  2.8
Stealth        | 2 |  2.6
Spellcasting   | 3 4 5 |  5.1
Short Blades   | 1 2 |  2.3
Translocations | 1 |  1.8
Earth Magic    | 1 |  1.4

Action                   |  1- 3 |  4- 6 |  7- 9 || total
-------------------------+-------+-------+-------++-------
Melee: Dagger            |    24 |     5 |    25 ||    54
       Unarmed           |     1 |       |       ||     1
       Headbutt          |       |       |     4 ||     4
Throw: Dart              |       |       |     2 ||     2
 Cast: Magic Dart        |    59 |   114 |    24 ||   197
       Searing Ray       |       |    12 |     2 ||    14
       Stone Arrow       |       |       |    11 ||    11
  Use: Scroll            |       |       |     2 ||     2
       Potion            |       |       |     1 ||     1
 Stab: Sleeping          |       |       |     2 ||     2
Armor: Robe              |    10 |     1 |     7 ||    18
Dodge: Dodged            |    22 |     9 |    31 ||    62

Table legend: (Time is in decaauts)
 A = Elapsed time spent in this place.
 B = Non-inter-level travel time spent in this place.
 C = Inter-level travel time spent in this place.
 D = Time resting spent in this place.
 E = Time spent auto-exploring this place.
 F = Levels seen in this place.
 G = Mean time per level.
                   A        B        C        D        E       F      G
               +--------+--------+--------+--------+--------+-----+--------+
         Total |   6772 |   6570 |    202 |   1062 |   4728 |   8 |  846.5 |
       Dungeon |   6605 |   6435 |    170 |   1062 |   4636 |   7 |  943.6 |
        Temple |    166 |    134 |     32 |      0 |     92 |   1 |  166.0 |
               +--------+--------+--------+--------+--------+-----+--------+

Top non-repeatable levels by time:
     D:6: 1478 daAuts
     D:3: 1177 daAuts
     D:4: 1144 daAuts
     D:2: 1052 daAuts
     D:1: 902 daAuts
     D:5: 782 daAuts
  Temple: 166 daAuts
     D:7: 67 daAuts
